 Dungeon Crawl Stone Soup version 0.25.1-2-g60ff931df9 (webtiles) character file.

Game seed: 5246947240621570843

11 Descartes the Digger (level 2, 0/20 HPs)
             Began as a Formicid Earth Elementalist on Aug 2, 2020.
             Slain by a leopard gecko (4 damage)
             ... on level 1 of the Dungeon.
             The game lasted 00:01:40 (585 turns).

Descartes the Digger (Formicid Earth Elementalist)   Turns: 585, Time: 00:01:41

Health: 0/20       AC: 10    Str: 12    XL:     2   Next: 35%
Magic:  5/5        EV:  3    Int: 14    God:
Gold:   27         SH:  0    Dex: 11    Spells: 4/5 levels left

rFire    . . .     SeeInvis +   j - +0 hand axe
rCold    . . .     Gourm    .   (no shield)
rNeg     . . .     Faith    .   f - +0 plate armour
rPois    .         Spirit   .   (helmet unavailable)
rElec    .         Reflect  .   (no cloak)
rCorr    .         Harm     .   (no gloves)
MR       .....                  (no boots)
Stlth    ..........             (no amulet)
HPRegen  0.06/turn              (no ring)
MPRegen  0.09/turn              (no ring)

@: no status effects
A: permanent stasis, dig shafts and tunnels, four strong arms, antennae 3
a: Dig, Shaft Self


You were on level 1 of the Dungeon.
You were not hungry.

You visited 1 branch of the dungeon, and saw 1 of its levels.

You collected 27 gold pieces.

Inventory:

Hand Weapons
 j - a +0 hand axe (weapon)
Missiles
 b - 65 stones (quivered)
 g - 20 arrows
 k - 16 bolts
 l - 17 sling bullets
Armour
 c - a +0 robe
 f - a +0 plate armour (worn)
Scrolls
 a - 3 scrolls of identify {unknown}
 h - a scroll of random uselessness {unknown}
Potions
 e - a potion of magic {unknown}
 i - 2 potions of curing {unknown}
Comestibles
 d - a ration
 m - 3 chunks of flesh


   Skills:
 + Level 0.6 Fighting
 + Level 0.6 Armour
 - Level 2.0 Dodging
 - Level 2.4 Stealth
 + Level 2.3 Spellcasting
   Level 1.1 Transmutations
 + Level 3.8 Earth Magic


You had 4 spell levels left.
You knew the following spells:

 Your Spells              Type           Power        Failure   Level  Hunger
a - Sandblast             Erth           ##....       100%        1    #......

Your spell library contained the following spells:

 Spells                   Type           Power        Failure   Level  Hunger
 Passwall                 Tmut/Erth      #.......     100%        2    ###....
 Stone Arrow              Conj/Erth      #.....       100%        3    ###....
 Petrify                  Tmut/Erth      #.......     100%        4    #####..
 Lee's Rapid Deconstruct  Erth           ##........   100%        5    ######.


Dungeon Overview and Level Annotations

Branches:
Dungeon (1/15)

Altars:


Innate Abilities, Weirdness & Mutations

You cannot be hasted, slowed, berserked, paralysed or teleported.
You can dig through walls and to a lower floor.
Your four strong arms can wield two-handed weapons with a shield.
You have a pair of large antennae on your head. (SInv)


Message History

You hit the leopard gecko but do no damage.
You closely miss the rat.
The leopard gecko bites you but does no damage.
The rat bites you but does no damage.
The leopard gecko bites you but does no damage.
You miss the leopard gecko. You hit the rat.
You kill the rat!
Training target 2.0 for Dodging reached!
Your Dodging skill increases to level 2!
The leopard gecko bites you but does no damage.
You hit the leopard gecko.
The leopard gecko is moderately wounded.
The leopard gecko bites you but does no damage.
The leopard gecko bites you.
You hit the leopard gecko.
The leopard gecko is heavily wounded.
The leopard gecko bites you.
* * * LOW HITPOINT WARNING * * *
The leopard gecko bites you.
You die...

...##..## #.#.###.....
.....#..#######.......###.
#.........#....##### ##
#..).....#...#########
#..)........#รท......##
#...........#.).......
#........#..#.......#.
#.........#...########
#..>.@......#...
#....l...#.......
#........######..
#......(.# ## #..........#
#............
#.)..........#
#..........#.#


You could see a leopard gecko.

Vanquished Creatures
  A leopard gecko (D:1)
  A giant cockroach (D:1)
  A goblin (D:1)
  3 hobgoblins (D:1)
  A bat (D:1)
  A frilled lizard (D:1)
  A rat (D:1)
9 creatures vanquished.

Notes
Turn   | Place    | Note
-------+----------+-------------------------------------------
     0 | D:1      | Descartes the Formicid Earth Elementalist began the quest
                  | for the Orb.
     0 | D:1      | Reached XP level 1. HP: 13/13 MP: 3/3
   527 | D:1      | Reached XP level 2. HP: 19/20 MP: 5/5
   585 | D:1      | Slain by a leopard gecko

Illustrated notes

Levels and vault maps discovered:
D:1:      tarquinn_simple_flora_water_e, layout_rooms

Skill      XL: |  1  2 |
---------------+-------+-----
Dodging        | 2 |  2.0
Fighting       | |  0.6
Armour         | |  0.6
Stealth        | |  2.4
Spellcasting   | |  2.3
Transmutations | |  1.1
Earth Magic    | |  3.8

Action                   || total
-------------------------++-------
Melee: Hand axe          ||    44
       Unarmed           ||    16
Armor: Plate armour      ||    73
       Robe              ||     2
Dodge: Dodged            ||    10
